 Dungeon Crawl Stone Soup version 0.29-a0-8-g0446c0dae4 (webtiles) character file.

Game seed: 14301710395428788972

3457 siradein the Destroyer (level 10, -9/50 HPs)
             Began as a Gargoyle Fire Elementalist on Jan 27, 2022.
             Was a Believer of Sif Muna.
             Killed by an exploding orc wizard (37 damage)
             ... ignited by their inner flame
             ... on level 7 of the Dungeon.
             The game lasted 00:44:48 (7494 turns).

siradein the Destroyer (Gargoyle Fire Elementalist) Turns: 7494, Time: 00:44:49

Health: -9/50      AC: 16    Str: 11    XL:     10   Next: 6%
Magic:  15/20      EV: 11    Int: 27    God:    Sif Muna [**....]
Gold:   301        SH:  0    Dex: 10    Spells: 7/22 levels left

rFire   . . .      SeeInvis +   F - +0 quarterstaff (speed)
rCold   . . .      Faith    .   (shield currently unavailable)
rNeg    + + +      Spirit   .   b - +0 leather armour
rPois   ∞          Reflect  .   l - +1 helmet
rElec   +          Harm     .   (no cloak)
rCorr   +          Rampage  .   d - +2 pair of gloves
Will    +....                   p - +0 pair of boots
Stlth   ++........              s - amulet of magic regeneration
HPRegen 0.16/turn               z - ring "Hekud" {Wiz rN++ Will+ rCorr SInv}
MPRegen 0.57/turn               c - +6 ring of intelligence

@: no status effects
A: sickness immunity, AC +7, negative energy resistance 1, electricity
resistance, torment resistance 1, petrification resistance, mutation resistance
1
a: Renounce Religion, Channel Magic


You were on level 7 of the Dungeon.
You worshipped Sif Muna.
Sif Muna was pleased with you.
You visited 2 branches of the dungeon, and saw 9 of its levels.
You also visited: Sewer.

You collected 301 gold pieces.

Inventory:

Hand Weapons
 F - a +0 quarterstaff of speed (weapon)
Armour
 b - a +0 leather armour (worn)
 d - a +2 pair of gloves (worn)
 l - a +1 helmet (worn)
 p - a +0 pair of boots (worn)
Jewellery
 c - a +6 ring of intelligence (right hand)
 e - a ring of resist corrosion
 g - a ring of ice
 s - an amulet of magic regeneration (around neck)
 z - the ring "Hekud" (left hand) {Wiz rN++ Will+ rCorr SInv}
   (You found it on level 6 of the Dungeon)

   [ring of wizardry]

   It improves your spell success rate.
   rN:        It greatly protects you from negative energy.
   SInv:      It lets you see invisible.
   rCorr:     It protects you from acid and corrosion.
   Will:      It increases your willpower.
Wands
 m - a wand of flame (1)
 o - a wand of acid (25)
 x - a wand of iceblast (6)
Scrolls
 f - a scroll of immolation
 i - 2 scrolls of silence
 j - 4 scrolls of teleportation
 k - 2 scrolls of fog
 n - a scroll of magic mapping {unknown}
 q - 2 scrolls of blinking
 w - 2 scrolls of holy word {unknown}
 y - 2 scrolls of amnesia {unknown}
 B - a scroll of enchant weapon {unknown}
 C - a scroll of fear {unknown}
Potions
 a - 3 potions of heal wounds
 h - a potion of mutation
 r - 4 potions of curing
 u - a potion of might {unknown}
 v - a potion of lignification {unknown}
 A - a potion of haste
 D - a potion of degeneration {unknown}
 E - a potion of brilliance {unknown}


   Skills:
 + Level 0.0 Fighting
 + Level 0.0 Armour
 - Level 1.5 Dodging
 - Level 2.1 Stealth
 + Level 6.9 Spellcasting
 + Level 8.0 Conjurations
 + Level 5.4 Translocations
 + Level 7.9 Fire Magic
 + Level 0.0 Invocations


You had 7 spell levels left.
You knew the following spells:

 Your Spells              Type           Power      Damage    Failure   Level
a - Foxfire               Conj/Fire      100%       2x1d9     1%          1
b - Scorch                Fire           100%       2d10      1%          2
c - Conjure Flame         Conj/Fire      51%        6-21      1%          3
d - Inner Flame           Hex/Fire       30%        N/A       1%          3
e - Blink                 Tloc           78%        N/A       1%          2
f - Flame Wave            Conj/Fire      51%        2d10      1%          4

Your spell library contained the following spells:

 Spells                   Type           Power      Damage    Failure   Level
 Beastly Appendage        Tmut           18%        N/A       3%          1
 Slow                     Hex            36%        N/A       3%          1
 Wereblood                Tmut           9%         N/A       4%          2
 Manifold Assault         Tloc           39%        N/A       9%          5
 Confusing Touch          Hex            9%         N/A       10%         3
 Spider Form              Tmut/Pois      9%         N/A       10%         3
 Vampiric Draining        Necr           9%         2d6       10%         3
 Storm Form               Tmut/Air       4%         N/A       100%        7


Dungeon Overview and Level Annotations

Branches:
Dungeon (8/15)             Temple (1/1) D:4           Sewer (visited)
   Lair: D:8-11

Altars:
Ashenzari
Gozag
Nemelex Xobeh
Sif Muna
Yredelemnul

Shops:
D:6 (   D:7 *

Portals:
Bailey: D:8

Annotations:
D:8 Maurice


Innate Abilities, Weirdness & Mutations

You are immune to sickness and miasma.
Your stone body is resilient. (AC +7)
You are immune to poison.
You resist negative energy. (rN+)
You are resistant to electric shocks. (rElec)
You are resistant to unholy torment.
You are immune to petrification.
You are somewhat resistant to further mutation.


Message History

The goblin hits you but does no damage.
Maurice the Thief comes into view.
He is wielding a +0 short sword and carrying a wand of digging (8).
Maurice shouts!
You hear a shout!
Maurice casts a spell.
Maurice blinks!
You hit the orc warrior.
The orc warrior is lightly wounded.
The orc warrior hits you with a +0 mace.
A kobold comes into view. It is wielding a +0 whip.
You hit the orc but do no damage. The orc barely misses you.
You barely miss the orc warrior.
The orc warrior is lightly wounded.
The kobold throws a stone.
The stone closely misses you. The orc hits you but does no damage.
The orc warrior hits you but does no damage.
Your magical contamination has completely faded away.
The orc wizard gestures at you while chanting.
The magic dart hits you!
The kobold throws a stone.
The stone hits you but does no damage.
The orc wizard hits you but does no damage.
An orc comes into view. It is wielding a +0 flail.
The orc wizard barely misses you.
There is a stone staircase leading up here.
Maurice casts a spell.
Maurice flickers and vanishes for a moment.
The kobold throws a stone.
The stone hits you but does no damage. The orc wizard closely misses you.
You climb upwards.
There is a stone staircase leading down here.
The orc wizard is filled with an inner flame.
The orc wizard gestures at you while chanting.
The puff of flame hits you!
Casting: Inner Flame (safe; 1% risk of failure)
Confirm with . or Enter, or press ? or * to list all spells.
Flames lash the orc wizard.
Sif Muna accepts your kill.
The orc wizard explodes!
The fiery explosion engulfs you!!!
Ouch! That really hurt!
You die...

#.#####..#..#
#.######....#
##.##........#
##..##........#
#..###........# #.##
#......... #.#
######...# ####.#
##..# #@...# ##.#
#)#### #.. #§# #..
#####.##### #..
#.........# ####
#.........#########...
#...................##
#.........###########
#.........#


There were no monsters in sight!

Vanquished Creatures
  Joseph (D:7)
  4 yaks (D:6)
  Sigmund (D:2)
  A steam dragon (D:7)
  Menkaure (D:4)
  Pargi (Sewer)
  An orc warrior (D:7)
  An ice beast (D:5)
  3 sky beasts
  The ghost of Snarg the Skirmisher, an amateur DgWn (D:4)
  2 ogres
  Blork the orc (D:4)
  A kobold brigand (D:7)
  2 gnoll sergeants
  3 scorpions
  A bullfrog (D:5)
  4 killer bees
  A centaur zombie (D:7)
  A jelly (D:6)
  4 centaur skeletons
  Jessica (D:2)
  2 iguanas
  Natasha (thrice) (D:2)
  3 orc wizards
  Robin (D:2)
  9 gnolls
  A howler monkey skeleton (D:2)
  9 adders
  2 white imps (D:6)
  An ufetubus (D:5)
  An adder skeleton (D:4)
  A worm (D:3)
  2 dart slugs
  19 orcs
  11 ball pythons
  5 endoplasms
  4 giant cockroaches
  9 goblins
  5 hobgoblins
  6 kobolds
  3 quokkas
  7 bats
  2 frilled lizards
  5 rats
147 creatures vanquished.

Vanquished Creatures (others)
  430 foxfires
430 creatures vanquished.

Grand Total: 577 creatures vanquished

Notes
Turn   | Place    | Note
-------+----------+-------------------------------------------
     0 | D:1      | siradein the Gargoyle Fire Elementalist began the quest for
                  | the Orb.
     0 | D:1      | Reached XP level 1. HP: 10/10 MP: 3/3
   104 | D:1      | Reached XP level 2. HP: 12/15 MP: 5/5
   107 | D:1      | Learned a level 2 spell: Scorch
   765 | D:2      | Noticed Robin
   846 | D:2      | Reached skill level 2 in Conjurations
   846 | D:2      | Reached XP level 3. HP: 16/19 MP: 2/6
   915 | D:2      | Learned a level 3 spell: Conjure Flame
   945 | D:2      | Killed Robin
   948 | D:2      | Noticed Jessica
  1370 | D:2      | Reached XP level 4. HP: 23/24 MP: 2/8
  1577 | D:2      | Killed Jessica
  1902 | D:2      | Noticed Natasha
  1915 | D:2      | Killed Natasha
  1916 | D:2      | Reached skill level 3 in Conjurations
  1952 | D:2      | Noticed Sigmund
  1961 | D:2      | Killed Sigmund
  1962 | D:2      | Reached XP level 5. HP: 26/28 MP: 3/10
  1962 | D:2      | Reached XP level 6. HP: 30/32 MP: 3/11
  2014 | D:2      | Noticed Natasha
  2026 | D:2      | Killed Natasha
  2033 | D:2      | Noticed Natasha
  2048 | D:2      | Killed Natasha
  2049 | D:2      | Reached skill level 4 in Conjurations
  2831 | D:3      | Learned a level 3 spell: Inner Flame
  2834 | D:3      | Learned a level 2 spell: Blink
  3108 | D:4      | Noticed Menkaure
  3302 | D:4      | Found a runed translucent gate.
  3302 | D:4      | Found a runed translucent gate.
  3303 | D:4      | Found a runed translucent gate.
  3306 | D:4      | Noticed Snarg's ghost (amateur DgWn)
  3319 | D:4      | Reached skill level 1 in Translocations
  3319 | D:4      | Reached XP level 7. HP: 36/36 MP: 7/13
  3442 | D:4      | Found a staircase to the Ecumenical Temple.
  3451 | Temple   | Entered the Ecumenical Temple
  3461 | Temple   | Became a worshipper of Sif Muna the Loreminder
  3499 | D:4      | Reached skill level 5 in Fire Magic
  3596 | D:4      | Gained mutation: You are somewhat resistant to further
                  | mutation. [potion of mutation]
  3607 | D:4      | Noticed Blork the orc
  3622 | D:4      | Killed Blork the orc
  3784 | D:4      | Killed Menkaure
  3785 | D:4      | Reached skill level 5 in Conjurations
  4279 | D:5      | Entered Level 5 of the Dungeon
  4288 | D:4      | Reached XP level 8. HP: 34/41 MP: 11/15
  4357 | D:4      | Killed Snarg's ghost
  4613 | D:5      | Learned a level 4 spell: Flame Wave
  4632 | D:5      | Reached skill level 5 in Spellcasting
  5204 | D:6      | Reached skill level 6 in Conjurations
  5256 | D:6      | Found Qiseluts's Antique Weapon Boutique.
  5267 | D:6      | Noticed a yak
  5285 | D:6      | Killed a yak
  5357 | D:6      | Noticed a yak
  5358 | D:6      | Noticed a yak
  5390 | D:6      | Killed a yak
  5390 | D:6      | Reached * piety under Sif Muna
  5391 | D:6      | Reached XP level 9. HP: 39/45 MP: 17/17
  5461 | D:6      | Identified the ring "Hekud" {Wiz rN++ Will+ rCorr SInv}
  5509 | D:6      | Found a glowing drain.
  5547 | Sewer    | Entered a sewer
  5571 | Sewer    | Noticed Pargi
  5589 | Sewer    | Killed Pargi
  5812 | D:6      | Reached skill level 7 in Conjurations
  6206 | D:7      | Reached ** piety under Sif Muna
  6610 | D:7      | Reached skill level 5 in Translocations
  6676 | D:7      | Found an opulent altar of Gozag.
  6711 | D:7      | Found Gozag's Platinum Reserve.
  6916 | D:7      | Noticed Joseph
  7176 | D:7      | Killed Joseph
  7177 | D:7      | Reached skill level 8 in Conjurations
  7177 | D:7      | Reached XP level 10. HP: 14/50 MP: 16/20
  7474 | D:8      | Found a flagged portal.
  7479 | D:8      | Noticed Maurice
  7494 | D:7      | Killed by an exploding orc wizard... ignited by their inner
                  | flame

Illustrated notes

Levels and vault maps discovered:
D:1:      roderic_octagonal_star, layout_basic
D:2:      layout_loops_ring, uniq_robin, uniq_sigmund, uniq_jessica,
          uniq_natasha
D:3:      layout_rooms
D:4:      layout_cave_pods, minmay_temple_entry_mist, ebering_ghost_rock_garden,
          minmay_snake_closets, uniq_blork_the_orc, uniq_menkaure
D:5:      layout_rooms
D:6:      layout_cave_pools, serial_shops, nicolae_diamond_shop,
          gup_sewer_entry_glass, kennysheep_generic_room_15
D:7:      layout_rooms, nicolae_gozag_zags_fifth_avenue, uniq_joseph
D:8:      layout_cave_pools, david_lair_shrubbed, enter_bailey_5, uniq_maurice
Temple:   regret_index_temple_sigil_plot

Skill      XL: |  1  2  3  4  5  6  7  8  9 |
---------------+----------------------------+-----
Conjurations   | 2 3 4 5 6 8 |  8.0
Spellcasting   | 3 4 5 6 |  6.9
Fire Magic     | 4 5 6 7 |  7.9
Translocations | 1 2 3 5 |  5.4
Dodging        | |  1.5
Stealth        | |  2.1

Action                   |  1- 3 |  4- 6 |  7- 9 | 10-12 || total
-------------------------+-------+-------+-------+-------++-------
Melee: Short sword       |    12 |       |       |       ||    12
       Flail             |       |       |     1 |       ||     1
       Quarterstaff      |       |       |       |     3 ||     3
 Cast: Foxfire           |    39 |    54 |   155 |     1 ||   249
       Scorch            |       |     6 |    29 |     1 ||    36
       Inner Flame       |       |       |    29 |     2 ||    31
       Conjure Flame     |       |       |     4 |       ||     4
  Use: Scroll            |       |       |     9 |       ||     9
       Potion            |       |       |     1 |       ||     1
Armor: Leather armour    |    20 |    22 |    57 |     6 ||   105
Dodge: Dodged            |    29 |    31 |    66 |     4 ||   130

Table legend: (Time is in decaauts)
 A = Elapsed time spent in this place.
 B = Non-inter-level travel time spent in this place.
 C = Inter-level travel time spent in this place.
 D = Time resting spent in this place.
 E = Time spent auto-exploring this place.
 F = Levels seen in this place.
 G = Mean time per level.
                   A        B        C        D        E       F      G
               +--------+--------+--------+--------+--------+-----+--------+
         Total |   7518 |   7435 |     83 |    794 |   5044 |  10 |  751.8 |
       Dungeon |   7299 |   7216 |     83 |    691 |   4998 |   8 |  912.4 |
        Temple |     24 |     24 |      0 |      0 |      4 |   1 |   24.0 |
         Sewer |    193 |    193 |      0 |    103 |     42 |   1 |  193.0 |
               +--------+--------+--------+--------+--------+-----+--------+

Top non-repeatable levels by time:
     D:4: 1599 daAuts
     D:2: 1398 daAuts
     D:6: 1268 daAuts
     D:1: 1048 daAuts
     D:7: 819 daAuts
     D:3: 613 daAuts
     D:5: 535 daAuts
   Sewer: 193 daAuts
  Temple: 24 daAuts
     D:8: 17 daAuts
